 Dungeon Crawl Stone Soup version 0.17.1-1-g73c8601 (webtiles) character file.

830 Ponchio the Conjurer (level 7, 0/36 HPs)
             Began as a Deep Elf Fire Elementalist on Dec 14, 2015.
             Shot with an arrow by a centaur (8 damage)
             ... on level 6 of the Dungeon.
             The game lasted 00:43:19 (6045 turns).

Ponchio the Conjurer (Deep Elf Fire Elementalist)   Turns: 6045, Time: 00:43:19

Health: 0/36       AC:  2    Str:  5    XL:     7   Next: 65%
Magic:  7/13       EV: 13    Int: 22    God:
Gold:   338        SH:  0    Dex: 19    Spells: 2 memorised, 6 levels left

rFire  + + .     SeeInvis .     v - +2 hunting sling of Soediuga {velocity, rF+ rN+ Dex+4 Stlth+} (curse)
rCold  x . .     Clarity  .     a - +0 robe
rNeg   + . .     SustAt   .     (no shield)
rPois  .         Gourm    .     (no helmet)
rElec  .         Spirit   .     (no cloak)
rCorr  .         Warding  .     (no gloves)
rMut   .         Stasis   .     (no boots)
MR     .....                    (no amulet)
Stlth  +++.......               (no ring)
                                p - ring of fire

@: very slightly contaminated, hasted, very quick, not resistant to hostile
enchantments, fairly stealthy
A: no striking features
a: no special abilities


You were on level 6 of the Dungeon.
You were not hungry.

You visited 1 branch of the dungeon, and saw 6 of its levels.

You collected 338 gold pieces.

Inventory:

Hand Weapons
 f - a +1 dagger
 q - a cursed -3 falchion
 v - the cursed +2 hunting sling of Soediuga (weapon) {velocity, rF+ rN+ Dex+4 Stlth+}
   (You found it on level 5 of the Dungeon)

   Any stone fired from it inflicts extra damage.
   It affects your dexterity (+4).
   It protects you from fire.
   It protects you from negative energy.
   It makes you more stealthy.
   It has a curse placed upon it.
Armour
 a - a +0 robe (worn)
 m - a +1 leather armour of cold resistance
Magical Staves
 d - an uncursed staff of earth
Jewellery
 p - a ring of fire (left hand)
 t - an uncursed ring of teleportation
Wands
 x - a wand of fire (10)
Scrolls
 j - a scroll of remove curse
 k - a scroll of teleportation
 l - a scroll of recharging
 o - 4 scrolls of identify
 u - a scroll of fear
Potions
 e - a potion of brilliance
 s - 2 potions of agility
 w - a potion of might
Books
 b - a book of Flames

   Spells                             Type                      Level
   a - Flame Tongue                   Conjuration/Fire             1
   b - Throw Flame                    Conjuration/Fire             2
   c - Conjure Flame                  Conjuration/Fire             3
   d - Inner Flame                    Hexes/Fire                   3
   e - Sticky Flame                   Conjuration/Fire             4
   f - Fireball                       Conjuration/Fire             5
 h - a book of Summonings

   Spells                             Type                      Level
   a - Recall                         Summoning/Translocation      3
   b - Aura of Abjuration             Summoning                    5
   c - Shadow Creatures               Summoning                    5
   d - Summon Demon                   Summoning                    5
   e - Summon Forest                  Summoning/Translocation      5
   f - Summon Mana Viper              Hexes/Summoning              5
Comestibles
 c - 5 bread rations
 g - a slice of pizza
 r - 4 meat rations


   Skills:
 - Level 2.4 Dodging
 - Level 2.4 Stealth
 - Level 3.0 Spellcasting
 + Level 7.1 Conjurations
 * Level 7.1 Fire Magic


You had 6 spell levels left.
You knew the following spells:

 Your Spells              Type           Power        Failure   Level  Hunger
a - Flame Tongue          Conj/Fire      #####        1%          1    None
b - Fireball              Conj/Fire      ######....   21%         5    ######.


Dungeon Overview and Level Annotations

Branches:
Dungeon (6/15)
 Temple: D:4-7

Altars:
Elyvilon

Shops:
D:4 %


Message History

You feel a surge of power!
The flame tongue hits the orc priest.
The orc priest is severely wounded.
The orc priest hits you with a dagger.
* * * LOW HITPOINT WARNING * * *
Casting: Flame Tongue
Confirm with . or Enter, or press ? or * to list all spells.
Aiming: Flame Tongue
Press: ? - help, Shift-Dir - straight line, f/p - orc priest
Aim: an orc priest, wielding a dagger and wearing a ring mail (severely wounded)
You feel a surge of power!
The flame tongue hits the orc priest.
You kill the orc priest!
Things that are here:
a dagger; a robe; an orc corpse
Things that are here:
a dagger; a ring mail
Things that are here:
a dagger; a robe; an orc corpse You start resting.
The centaur shoots an arrow.
The arrow hits you!
You die...

# #. #.. #...
#..÷.
....[c########.#
##..[÷÷)@.....#
....>...).#...##
####.####.# #.#
# ..# # #.# #.#
#.# #.# ..


You could see a centaur.

Vanquished Creatures
  A hungry ghost (D:5)
  An ogre (D:4)
  A giant frog (D:6)
  A jelly (D:5)
  3 orc wizards
  3 orc priests
  Terence (D:2)
  4 worker ants
  9 adders
  2 gnolls (D:5)
  A shadow imp (D:5)
  3 adder skeletons (D:4)
  5 worms (D:2)
  5 giant geckos
  17 orcs
  8 bats
  7 giant cockroaches
  9 hobgoblins
  14 jackals
  3 quokkas
  A ball python skeleton (D:4)
  4 giant newts
  7 goblins
  4 kobolds
  7 rats
121 creatures vanquished.

Vanquished Creatures (others)
  A quokka (D:4)
1 creature vanquished.

Grand Total: 122 creatures vanquished

Notes
Turn   | Place    | Note
--------------------------------------------------------------
     0 | D:1      | Ponchio the Deep Elf Fire Elementalist began the quest for the Orb.
     0 | D:1      | Reached XP level 1. HP: 10/10 MP: 6/6
   259 | D:1      | Reached XP level 2. HP: 15/15 MP: 4/8
   644 | D:1      | Reached skill level 4 in Fire Magic
   786 | D:2      | Reached XP level 3. HP: 12/19 MP: 3/9
  1476 | D:2      | Reached XP level 4. HP: 24/24 MP: 4/10
  1559 | D:2      | Noticed Terence
  1720 | D:2      | Killed Terence
  1720 | D:2      | Reached skill level 5 in Fire Magic
  2408 | D:3      | Reached XP level 5. HP: 28/28 MP: 9/11
  3058 | D:4      | Found a white marble altar of Elyvilon.
  3871 | D:4      | Found Edixuen's Food Emporium.
  3877 | D:4      | Reached skill level 5 in Conjurations
  3877 | D:4      | Reached XP level 6. HP: 32/32 MP: 7/12
  4119 | D:5      | Entered Level 5 of the Dungeon
  4243 | D:5      | Got a bone hunting sling
  4244 | D:5      | Identified the cursed +2 hunting sling of Soediuga {velocity, rF+ rN+ Dex+4 Stlth+} (You found it on level 5 of the Dungeon)
  4312 | D:5      | Noticed a hungry ghost
  4324 | D:5      | Killed a hungry ghost
  4324 | D:5      | Reached skill level 6 in Conjurations
  4469 | D:5      | Learned a level 5 spell: Fireball
  4897 | D:5      | Reached XP level 7. HP: 36/36 MP: 10/13
  5804 | D:6      | Reached skill level 7 in Conjurations
  6045 | D:6      | Shot with an arrow by a centaur

Action                   |  1- 3 |  4- 6 |  7- 9 || total
-------------------------+-------+-------+-------++-------
Melee: Dagger            |     1 |     8 |       ||     9
       Hunting sling     |       |       |     2 ||     2
 Cast: Flame Tongue      |    79 |   128 |    65 ||   272
  Use: Scroll            |       |    11 |     2 ||    13
       Potion            |       |       |     4 ||     4
  Eat: Chunk             |     1 |     9 |     4 ||    14
       Pizza             |       |     1 |       ||     1
       Beef jerky        |       |     1 |       ||     1
